 Dungeon Crawl Stone Soup version 0.27-a0-96-gb51a1d6fd6 (webtiles) character file.

Game seed: 8318145463208077239

1590 hehateme the Digger (level 8, -4/49 HPs)
             Began as a Gargoyle Earth Elementalist on Jan 20, 2021.
             Was a Follower of Okawaru.
             Shot with a sling bullet by Joseph (15 damage)
             ... on level 7 of the Dungeon.
             The game lasted 00:20:38 (11103 turns).

hehateme the Digger (Gargoyle Earth Elementalist)  Turns: 11103, Time: 00:20:38

Health: -4/49      AC:  6    Str: 11    XL:     8   Next: 92%
Magic:  15/15      EV: 12    Int: 19    God:    Okawaru [*.....]
Gold:   104        SH:  0    Dex: 10    Spells: 10/16 levels left

rFire    + . .     SeeInvis .   D - +0 hand axe
rCold    + . .     Faith    .   (no shield)
rNeg     + . .     Spirit   .   c - +0 robe
rPois    ∞         Reflect  .   q - +0 helmet
rElec    +         Harm     .   o - scarf {rC+ rF+}
rCorr    .         Rampage  .   (no gloves)
Will     .....                  E - +0 pair of boots
Stlth    ++........             (no amulet)
HPRegen  0.16/turn              (no ring)
MPRegen  0.14/turn              (no ring)

@: corroded
A: negative energy resistance 1, electricity resistance, unbreathing,
petrification resistance, miasma immunity, AC +5
a: Renounce Religion, Heroism


You were on level 7 of the Dungeon.
You worshipped Okawaru.
Okawaru was aware of your devotion.
You visited 2 branches of the dungeon, and saw 8 of its levels.

You collected 313 gold pieces.
You spent 209 gold pieces at shops.

Inventory:

Hand Weapons
 D - a +0 hand axe (weapon)
Missiles
 b - 42 bolts
 f - 89 sling bullets
 n - 20 poisoned darts
 w - 115 arrows
 C - 5 datura-tipped darts
 Q - 13 stones
Armour
 c - a +0 robe (worn)
 o - a scarf of resistance (worn)
 q - a +0 helmet (worn)
 t - a +0 leather armour
 E - a +0 pair of boots (worn)
Wands
 k - a wand of paralysis (5)
 B - a wand of polymorph (5)
Scrolls
 a - 4 scrolls of amnesia {unknown}
 d - 3 scrolls of fog {unknown}
 i - 2 scrolls of identify
 p - a scroll of fear {unknown}
 r - 2 scrolls of teleportation {unknown}
 u - a scroll of enchant armour {unknown}
 y - a scroll of magic mapping {unknown}
 z - 2 scrolls of enchant weapon {unknown}
 A - a scroll of random uselessness {unknown}
 F - a scroll of remove curse {unknown}
Potions
 e - a potion of degeneration {!q}
 g - 2 potions of might
 h - 2 potions of cancellation {unknown}
 j - 4 potions of lignification {!q}
 l - 4 potions of heal wounds
 m - 4 potions of curing
 s - 2 potions of invisibility
 v - a potion of flight {unknown}
 x - a potion of mutation {!q}


   Skills:
 + Level 5.3 Fighting
 * Level 2.2 Axes
 - Level 3.2 Armour
 - Level 1.5 Dodging
 - Level 2.1 Stealth
 + Level 4.9 Spellcasting
 - Level 5.2 Conjurations
 - Level 0.7 Transmutations
 * Level 7.0 Earth Magic


You had 10 spell levels left.
You knew the following spells:

 Your Spells              Type           Power        Failure   Level
a - Sandblast             Erth           62%          1%          1
w - Passwall              Tmut/Erth      15%          3%          2
x - Stone Arrow           Conj/Erth      56%          3%          3

Your spell library contained the following spells:

 Spells                   Type           Power        Failure   Level
 Lee's Rapid Deconstruct  Erth           15%          19%         5
 Petrify                  Tmut/Erth      19%          26%         4


Dungeon Overview and Level Annotations

Branches:
Dungeon (7/15)             Temple (1/1) D:5

Altars:
Cheibriados
Fedhas
Gozag
Hepliaklqana
Kikubaaqudgha
Makhleb
Okawaru
Qazlal
Ru
Trog
Uskayaw
Wu Jian
Xom
Yredelemnul
Zin
The Shining One

Shops:
D:6 ([=!

Annotations:
D:4 exclusion: ogre, Eustachio
D:6 Sigmund
D:7 Joseph


Innate Abilities, Weirdness & Mutations

You are resistant to torment.
Your stone body is resilient. (AC +5)
You are immune to poison.
You resist negative energy. (rN+)
You are resistant to electric shocks. (rElec)
You can survive without breathing.
You are immune to petrification.
You are immune to miasma.


Message History

There are monsters nearby!
You see here a bullfrog corpse.
Joseph shouts!
Joseph shoots a sling bullet.
The sling bullet misses you.
Joseph shoots a sling bullet.
The sling bullet hits you!
You see here a sling bullet.
You take 15 damage, and have 34/49 hp.
GAME OVER YEAH!!
Joseph zaps a wand.
The bolt of acid hits you! The acid corrodes you!
You are splashed with acid!
* * * LOW HITPOINT WARNING * * *
You take 24 damage, and have 10/49 hp.
GAME OVER YEAH!!
You aren't wearing any rings or amulets.
Okay, then.
Joseph shoots a sling bullet.
The sling bullet barely misses you.
Joseph shoots a sling bullet.
The sling bullet hits you!
You die...

.. #. #.# .###
##.##.######.... #.
............# #.
#.##........#
#.##.##...<....#
#..............#
#............(.#
#.........@....#
#.......>......#
#......(.......##
#####......)........#
#............#..#...#
#.#####.........#.....
#.# ######@#......###
###.### #........#
#.....######
#.<......#

Skill      XL: |  1  2  3  4  5  6  7  8 |
---------------+-------------------------+-----
Earth Magic    | 4 5 7 |  7.0
Fighting       | 1 2 3 4 5 |  5.3
Conjurations   | 2 3 4 5 |  5.2
Spellcasting   | 3 4 |  4.9
Armour         | 3 |  3.2
Axes           | 2 |  2.2
Dodging        | |  1.5
Stealth        | |  2.1
Transmutations | |  0.7

Notes
Turn   | Place    | Note
-------+----------+-------------------------------------------
     0 | D:1      | hehateme the Gargoyle Earth Elementalist began the quest
                  | for the Orb.
     0 | D:1      | Reached XP level 1. HP: 10/10 MP: 3/3
    32 | D:1      | HP: 2/10 [leopard gecko (2)]
   650 | D:1      | Reached skill level 4 in Earth Magic
   650 | D:1      | Reached XP level 2. HP: 16/16 MP: 1/5
   898 | D:1      | Reached skill level 1 in Fighting
  1328 | D:1      | Reached XP level 3. HP: 20/20 MP: 3/6
  2180 | D:2      | Learned a level 3 spell: Stone Arrow
  2523 | D:2      | HP: 2/20 [worm (9)]
  2851 | D:2      | Reached XP level 4. HP: 26/26 MP: 4/7
  2890 | D:2      | Reached skill level 1 in Conjurations
  2989 | D:2      | Reached skill level 2 in Fighting
  3199 | D:2      | Found a snail-covered altar of Cheibriados.
  3199 | D:2      | Found a bloodstained altar of Trog.
  4020 | D:3      | Reached skill level 2 in Conjurations
  4020 | D:3      | Reached XP level 5. HP: 28/30 MP: 5/9
  4678 | D:4      | Noticed Eustachio
  4732 | D:4      | Reached skill level 3 in Spellcasting
  4881 | D:4      | Noticed a centaur
  4890 | D:4      | Killed a centaur
  4891 | D:4      | Reached skill level 3 in Fighting
  4891 | D:4      | Reached skill level 3 in Conjurations
  4891 | D:4      | Reached XP level 6. HP: 35/37 MP: 6/10
  4914 | D:4      | HP: 9/37 [worker ant (3)]
  4920 | D:4      | HP: 9/37 [worker ant (1)]
  5455 | D:4      | Reached skill level 4 in Conjurations
  5809 | D:4      | Reached XP level 7. HP: 38/42 MP: 0/12
  6158 | D:5      | Entered Level 5 of the Dungeon
  6266 | D:5      | Found a staircase to the Ecumenical Temple.
  6336 | Temple   | Entered the Ecumenical Temple
  6546 | Temple   | Became a worshipper of Warmaster Okawaru
  6831 | D:5      | Reached skill level 4 in Fighting
  6831 | D:5      | Reached skill level 4 in Spellcasting
  6831 | D:5      | Reached skill level 5 in Conjurations
  6930 | D:4      | Learned a level 2 spell: Passwall
  7241 | D:5      | Reached skill level 5 in Earth Magic
  7528 | D:5      | HP: 6/43 [orc warrior/+0 great sword (9)]
  8022 | D:4      | Reached * piety under Okawaru
  8586 | D:6      | Noticed Sigmund
  8691 | D:4      | HP: 11/44 [hound (2)]
  8696 | D:4      | Reached XP level 8. HP: 12/48 MP: 2/14
  9023 | D:5      | Reached skill level 1 in Armour
  9126 | D:5      | Found a shimmering altar of Xom.
  9291 | D:5      | Reached skill level 6 in Earth Magic
  9314 | D:5      | Reached skill level 1 in Axes
  9452 | D:5      | Found a stormy altar of Qazlal.
  9646 | D:6      | Reached skill level 2 in Armour
  9700 | D:6      | Found Laxkeb's Distillery.
  9705 | D:6      | Found Fuiteu Tucw's Armour Shop.
  9706 | D:6      | Found Fuiptove's Weapon Shop.
  9710 | D:6      | Found Datenarch's Jewellery Shop.
  9720 | D:6      | Bought 3 potions of heal wounds for 165 gold pieces
  9720 | D:6      | Bought a potion of might for 44 gold pieces
  9945 | D:6      | Reached skill level 5 in Fighting
 10255 | D:6      | Found a glowing golden altar of the Shining One.
 10322 | D:6      | Reached skill level 3 in Armour
 10455 | D:6      | Found a hide-covered altar of Uskayaw.
 10901 | D:7      | Noticed Joseph
 11003 | D:7      | Reached skill level 2 in Axes
 11042 | D:7      | Found an opulent altar of Gozag.
 11057 | D:7      | Reached skill level 7 in Earth Magic
 11099 | D:7      | HP: 10/49 [acid (16)]
 11103 | D:7      | Shot with a sling bullet by Joseph

Table legend: (Time is in decaauts)
 A = Elapsed time spent in this place.
 B = Non-inter-level travel time spent in this place.
 C = Inter-level travel time spent in this place.
 D = Time resting spent in this place.
 E = Time spent auto-exploring this place.
 F = Levels seen in this place.
 G = Mean time per level.
                   A        B        C        D        E       F      G
               +--------+--------+--------+--------+--------+-----+--------+
         Total |  11131 |  10476 |    655 |   2611 |   6361 |   8 | 1391.4 |
       Dungeon |  10909 |  10279 |    630 |   2611 |   6167 |   7 | 1558.4 |
        Temple |    221 |    196 |     25 |      0 |    194 |   1 |  221.0 |
               +--------+--------+--------+--------+--------+-----+--------+

Top non-repeatable levels by time:
     D:4: 2939 daAuts
     D:2: 1891 daAuts
     D:1: 1888 daAuts
     D:6: 1476 daAuts
     D:5: 1423 daAuts
     D:3: 1181 daAuts
  Temple: 221 daAuts
     D:7: 109 daAuts

Table legend:
 A = Kills in this place as a percentage of kills in entire the game.
 B = Kills by you in this place as a percentage of kills by you in the entire game.
 C = Kills by friends in this place as a percentage of kills by friends in the entire game.
 D = Other kills in this place as a percentage of other kills in the entire game.
 E = Experience gained in this place as a percentage of experience gained in the entire game.
 F = Experience gained in this place divided by the number of levels of this place that you have seen.
                   A       B       C       D       E      F
               +-------+-------+-------+-------+-------+----------------------
         Total | 100.0 | 100.0 |   N/A |   N/A | 100.0 | 284.0
       Dungeon | 100.0 | 100.0 |   N/A |   N/A | 100.0 | 324.6
               +-------+-------+-------+-------+-------+----------------------

Action                   |  1- 3 |  4- 6 |  7- 9 || total
-------------------------+-------+-------+-------++-------
Melee: Unarmed           |     9 |       |       ||     9
       Short sword       |    25 |    53 |     3 ||    81
       Quarterstaff      |       |       |    12 ||    12
       Hand axe          |       |       |    11 ||    11
Throw: Stone             |     7 |       |       ||     7
 Cast: Sandblast         |    56 |    81 |    60 ||   197
       Stone Arrow       |     1 |    11 |    40 ||    52
Evoke: Wand              |       |       |     2 ||     2
  Use: Scroll            |       |     3 |     3 ||     6
       Potion            |       |     1 |       ||     1
 Stab: Paralysed         |       |       |     3 ||     3
Armor: Robe              |    17 |    52 |    40 ||   109
Dodge: Dodged            |    38 |    84 |    52 ||   174

Vanquished Creatures
  A black bear (D:5)
  An ogre (D:4)
  2 centaurs
  4 bullfrogs
  2 gnoll sergeants (D:5)
  A scorpion (D:5)
  A wight (D:4)
  2 jellies (D:6)
  An orc priest (D:4)
  4 hounds
  A bullfrog skeleton (D:5)
  2 iguanas
  8 worker ants
  An orc wizard (D:6)
  A hound zombie (D:5)
  2 hound skeletons (D:4)
  A howler monkey zombie (D:6)
  A howler monkey skeleton (D:4)
  6 adders
  2 shadow imps (D:6)
  3 white imps
  An ooze (D:5)
  An adder skeleton (D:4)
  3 worms (D:2)
  3 dart slugs
  8 leopard geckos
  10 orcs
  2 ball pythons
  3 giant cockroaches
  7 hobgoblins
  3 jackals
  2 quokkas
  8 bats
  3 frilled lizards
  6 goblins
  15 kobolds
  A leopard gecko skeleton (D:6)
  2 quokka skeletons
  7 rats
132 creatures vanquished.

Vanquished Creatures (others)
  An ogre (D:7)
1 creature vanquished.

Grand Total: 133 creatures vanquished You could see Joseph.

Levels and vault maps discovered:
D:1:      shiori_arrival_elements, layout_basic, palyth_stone_intersect
D:2:      layout_basic, gammafunk_temple_overflow_elements,
          minmay_randomly_rotated_circles
D:3:      layout_loops_cross
D:4:      layout_basic, minmay_starry_boxes, uniq_eustachio
D:5:      layout_loops_cross, old_standard_altar, marbit_many_paths,
          minmay_temple_entry_wispy, sword_in_stone
D:6:      minmay_recursive_quarters, layout_loops_corners,
          eat_drink_and_be_merry_uskayaw, lemuel_doored_altar,
          minmay_shop_grid_forest, uniq_sigmund
D:7:      layout_loops_cross, fiery_altar_vehumet, grunt_gozag_statues,
          ashenzari_conservatory_becter, serial_shops, shop_fountains,
          minivault_22, uniq_joseph, uniq_maggie
Temple:   compressed_dpeg_triangle_lava_temple
